 Dungeon Crawl Stone Soup version 0.31.0-7-gf635a9b802 (webtiles) character file.

Game seed: 330849862257992713

112 Crownlay the Chopper (level 4, -2/41 HPs)
             Began as a Hill Orc Monk on Jan 23, 2024.
             Was a Priest of Beogh.
             Slain by Grinder (6 damage)
             ... on level 4 of the Dungeon.
             The game lasted 00:03:34 (2708 turns).

Crownlay the Chopper (Hill Orc Monk)                Turns: 2708, Time: 00:03:35

Health: -2/41      AC:  9    Str: 15    XL:     4   Next: 95%
Magic:  7/7        EV:  7    Int: 10    God:    Beogh [***...]
Gold:   73         SH:  0    Dex: 13    Spells: 3/3 levels left

rFire   . . .        a - +0 hand axe
rCold   . . .        d - orb {light}
rNeg    . . .        t - +0 chain mail
rPois   .            (no helmet)
rElec   .            (no cloak)
rCorr   .            n - +0 pair of gloves
SInv    .            (no boots)
Will    .....        (no amulet) Stlth
                     (no ring)
HPRegen 0.26/turn    (no ring)
MPRegen 0.10/turn

%: no passive effects
@: glowing
A: no striking features
a: Renounce Religion, Smiting


You were on level 4 of the Dungeon.
You worshipped Beogh.
Beogh was most pleased with you.
You visited 1 branch of the dungeon, and saw 4 of its levels.

You collected 73 gold pieces.

Inventory:

Hand Weapons
 a - a +0 hand axe (weapon)
Missiles
 o - 2 boomerangs (quivered)
 s - 2 javelins
Armour
 d - an orb of light (worn)
 n - a +0 pair of gloves (worn)
 t - a +0 chain mail (worn)
Scrolls
 e - 8 scrolls of identify {unknown}
 f - a scroll of revelation {unknown}
 h - a scroll of vulnerability {unknown}
 i - a scroll of immolation {unknown}
 j - a scroll of fog {unknown}
 m - a scroll of torment {unknown}
 q - 2 scrolls of fear {unknown}
 r - a scroll of brand weapon {unknown}
 u - a scroll of teleportation {unknown}
Potions
 b - a potion of mutation {unknown}
 c - a potion of ambrosia
 g - 4 potions of heal wounds {unknown}
 k - a potion of curing {unknown}
 l - a potion of resistance {unknown}
 p - a potion of cancellation {unknown}
 v - a potion of haste {unknown}
 w - 2 potions of brilliance {unknown}
 x - a potion of enlightenment {unknown}


   Skills:
 + Level 4.5 Fighting
 + Level 5.0 Axes
 - Level 2.4 Dodging
 * Level 4.0 Invocations


You had 3 spell levels left.
You didn't know any spells.
Your spell library contained the following spells:

 Spells                   Type           Power      Damage    Failure   Level
 Ensorcelled Hibernation  Hex/Ice        0%         N/A       100%        2
 Fugue of the Fallen      Necr           0%         N/A       100%        3
 Anguish                  Hex/Necr       0%         N/A       100%        4
 Leda's Liquefaction      Alch/Erth      0%         N/A       100%        4
 Lee's Rapid Deconstruct  Erth           0%         3d4*      100%        5
 Bombard                  Conj/Erth      0%         9d1       100%        6


Dungeon Overview and Level Annotations

Branches:
Dungeon (4/15)
 Temple: D:4-7

Altars:
Qazlal
Beogh

Shops:
D:3 =

Annotations:
D:4 Grinder


Message History

You throw a boomerang.
The boomerang completely misses Grinder.
You barely miss Grinder.
Grinder is lightly wounded.
Grinder blinks!
Throw: 2 boomerangs
Press: ? - help, Q - select action, (/) - cycle Shift-Dir - straight line, f/p - Grinder
Aim: Grinder (lightly wounded, haloed, 72% to hit)
You throw a boomerang. The boomerang hits Grinder.
Grinder is lightly wounded.
Grinder gestures at you. You resist with significant effort.
Throw: 2 boomerangs
Press: ? - help, Q - select action, (/) - cycle Shift-Dir - straight line, f/p - Grinder
Aim: Grinder (lightly wounded, haloed, 72% to hit)
You throw a boomerang. The boomerang barely misses Grinder.
Grinder says, "Are you a fish?" Grinder gestures at you.
Pain shoots through your body!
* * * LOW HITPOINT WARNING * * *
Throw: 4 javelins
Press: ? - help, Shift-Dir - straight line, f/p - Grinder
Aim: Grinder (lightly wounded, haloed, 72% to hit)
You throw a javelin. The javelin barely misses Grinder.
You barely miss Grinder.
Grinder is lightly wounded.
Grinder gestures at you. Pain shoots through your body!
* * * LOW HITPOINT WARNING * * *
Throw: 3 javelins
Press: ? - help, Shift-Dir - straight line, f/p - Grinder
Aim: Grinder (lightly wounded, haloed, 72% to hit)
You throw a javelin. The javelin barely misses Grinder.
Grinder gestures at you. Pain shoots through your body!
* * * LOW HITPOINT WARNING * * *
Grinder says, "Just stop there for a second..."
Grinder hits you.
You die...
Grinder sighs, "Dead already?
I want a refund."

#.###.#.# #.#.###
#..# #.....#.#
#.....####..#
#.._..#.#
#...........#
#.....#.#
###.#.####.##
#.###.#.# #.#.#
#.# ........#
#.#.# #.#
#######.# #.#.#
#.#
........######.#.#
#.#
.#.#.....@5...(#.#
#.#
#.........#####.#
#.#
###.#####........
#. #######.# #


You could see Grinder.

Vanquished Creatures
  A hound (D:4)
  3 adders (D:3)
  A ribbon worm (D:3)
  3 bats
  4 endoplasms
  A giant cockroach (D:1)
  5 goblins
  10 hobgoblins
  4 quokkas
  5 ball pythons
  A frilled lizard (D:3)
  5 kobolds
  3 rats
46 creatures vanquished.

Notes
Turn   | Place    | Note
-------+----------+-------------------------------------------
     0 | D:1      | Crownlay the Hill Orc Monk began the quest for the Orb.
     0 | D:1      | Reached XP level 1. HP: 19/19 MP: 1/1
   238 | D:1      | Reached skill level 1 in Invocations
   336 | D:1      | Reached XP level 2. HP: 26/27 MP: 1/3
  1052 | D:2      | Reached XP level 3. HP: 33/33 MP: 4/4
  1619 | D:2      | Found a faded altar of an unknown god.
  1625 | D:2      | Prayed at the altar of an unknown god.
  1625 | D:2      | Became a worshipper of Beogh the Brigand
  1625 | D:2      | Reached * piety under Beogh
  1625 | D:2      | Reached ** piety under Beogh
  2012 | D:3      | Reached *** piety under Beogh
  2108 | D:3      | Reached XP level 4. HP: 40/40 MP: 6/6
  2485 | D:3      | Found Jacal's Jewellery Shop.
  2597 | D:4      | Reached skill level 5 in Axes
  2682 | D:4      | Found a stormy altar of Qazlal.
  2682 | D:4      | Noticed Grinder
  2684 | D:4      | Paralysed by Grinder for 5 turns
  2708 | D:4      | Slain by Grinder

Illustrated notes

Levels and vault maps discovered:
D:1:      dpeg_arrival_castle, layout_loops_corners, feat_on_display
D:2:      layout_loops_corners, hellmonk_ecumenical_altar_heavens_door
D:3:      layout_rooms, serial_shops, nicolae_shop_just_a_little_nook
D:4:      layout_loops_ring, mainiacjoe_overflow_cross_hatched,
          nicolae_overflow_two_pavilions, uniq_grinder

Skill      XL: |  1  2  3  4 |
---------------+-------------+-----
Invocations    | 1 2 3 4 |  4.0
Fighting       | 4 |  4.5
Axes           | 5 |  5.0
Dodging        | |  2.4

Action                     |  1- 3 |  4- 6 || total
---------------------------+-------+-------++-------
  Melee: Hand axe          |    90 |    65 ||   155
  Throw: Boomerang         |       |     5 ||     5
         Javelin           |       |     2 ||     2
 Armour: Robe              |    16 |       ||    16
         Ring mail         |    21 |       ||    21
         Chain mail        |    13 |    60 ||    73
  Dodge: Dodged            |    50 |    20 ||    70
